ITL
RICHMOND FLAIRS @ BIRMINGHAM BARONS
07/03/2027
 
TOP OF THE 1ST
Richmond Flairs batting - Pitching for Birmingham Barons : RHP Michael Young
Pitching: RHP Michael Young
Batting: RHB Javier Rentería 0-0: Ball
1-0: Ball
2-0: Called Strike
2-1: Ball
3-1: Base on Balls
Batting: RHB Freddy Padilla 0-0: Called Strike
0-1: SINGLE (Line Drive, 34)
Javier Rentería to second
Batting: LHB Sean Nicks 0-0: Ball
1-0: SINGLE (Groundball, 4MD)
Javier Rentería to third
Freddy Padilla to second
Batting: RHB Elliott Johnston 0-0: Swinging Strike
0-1: Ball
1-1: Called Strike
1-2: Strikes out swinging
Batting: LHB Roland Jones 0-0: Ball
1-0: Ground out 6-3 (Groundball, 6MS)
Javier Rentería scores
Freddy Padilla to third
Sean Nicks to second
Batting: RHB Tadakuni Sugiyama 0-0: Ball
1-0: Ball
2-0: Foul Ball, location: 2F
2-1: Swinging Strike
2-2: Strikes out looking
Top of the 1st over - 1 run(s), 2 hit(s), 0 error(s), 2 left on base; Richmond 1 - Birmingham 0
BOTTOM OF THE 1ST
Birmingham Barons batting - Pitching for Richmond Flairs : RHP Jack Walker
Pitching: RHP Jack Walker
Batting: LHB Al Gaines 0-0: Foul Ball, location: 2F
0-1: Ball
1-1: Ball
2-1: Ball
3-1: Base on Balls
Batting: RHB Warren Martin 0-0: Ball
1-0: Ground out 5-3 (Groundball, 56S)
Al Gaines to second
Batting: RHB Yujiro Kurihara 0-0: Called Strike
Al Gaines steals 3rd base
0-1: Called Strike
0-2: Foul Ball, location: 2F
0-2: Strikes out swinging
Batting: SHB Anastasio Ortíz 0-0: 2-RUN HOME RUN (Flyball, 7LD), Distance : 343 ft
Batting: RHB Jean-Paul St-Pierre 0-0: Called Strike
0-1: Called Strike
0-2: Strikes out looking
Bottom of the 1st over - 2 run(s), 1 hit(s), 0 error(s), 0 left on base; Richmond 1 - Birmingham 2
TOP OF THE 2ND
Richmond Flairs batting - Pitching for Birmingham Barons : RHP Michael Young
Batting: RHB R.J. Crosby 0-0: Called Strike
0-1: Called Strike
0-2: Fly out, F8 (Flyball, 8RM)
Batting: RHB Christian Hudson 0-0: Foul Ball, location: 2F
0-1: Swinging Strike
0-2: Ball
1-2: Strikes out looking
Batting: RHB Guo-xiu Hsueh 0-0: Ground out 4-3 (Groundball, 4)
Top of the 2nd over - 0 run(s), 0 hit(s), 0 error(s), 0 left on base; Richmond 1 - Birmingham 2
BOTTOM OF THE 2ND
Birmingham Barons batting - Pitching for Richmond Flairs : RHP Jack Walker
Batting: RHB Vicente Elías 0-0: Foul Ball, location: 2F
0-1: Called Strike
0-2: Strikes out swinging
Batting: RHB Peyton Yardley 0-0: Ball
1-0: Foul Ball, location: 2F
1-1: Called Strike
1-2: Ball
2-2: Strikes out swinging
Batting: RHB Pete Smith 0-0: Ball
1-0: Foul Ball, location: 2F
1-1: Ball
2-1: Foul Ball, location: 2F
2-2: Ball
3-2: Fly out, F4 (Line Drive, 4)
Bottom of the 2nd over - 0 run(s), 0 hit(s), 0 error(s), 0 left on base; Richmond 1 - Birmingham 2
TOP OF THE 3RD
Richmond Flairs batting - Pitching for Birmingham Barons : RHP Michael Young
Batting: RHB Javier Rentería 0-0: Ball
1-0: Ball
2-0: Ball
3-0: Fly out, F9 (Line Drive, 9)
Batting: RHB Freddy Padilla 0-0: Ball
1-0: Called Strike
1-1: Ball
2-1: Swinging Strike
2-2: Foul Ball, location: 2F
2-2: Ball
3-2: Base on Balls
Batting: LHB Sean Nicks 0-0: Called Strike
0-1: Called Strike
0-2: Foul Ball, location: 2F
0-2: Ball
1-2: Foul Ball, location: 2F
1-2: Foul Ball, location: 2F
1-2: Strikes out swinging
Batting: RHB Elliott Johnston 0-0: Called Strike
0-1: Foul Ball, location: 2F
0-2: Ball
1-2: Ball
2-2: Strikes out swinging
Top of the 3rd over - 0 run(s), 0 hit(s), 0 error(s), 1 left on base; Richmond 1 - Birmingham 2
BOTTOM OF THE 3RD
Birmingham Barons batting - Pitching for Richmond Flairs : RHP Jack Walker
Batting: RHB David Raymos 0-0: Ball
1-0: Swinging Strike
1-1: Foul Ball, location: 2F
1-2: Strikes out swinging
Batting: LHB Al Gaines 0-0: Ball
1-0: Ball
2-0: Foul Ball, location: 2F
2-1: Foul Ball, location: 2F
2-2: Foul Ball, location: 2F
2-2: Ball
3-2: Foul Ball, location: 2F
3-2: Strikes out swinging
Batting: RHB Warren Martin 0-0: Ball
1-0: Foul Ball, location: 2F
1-1: Swinging Strike
1-2: Foul Ball, location: 2F
1-2: Strikes out swinging
Bottom of the 3rd over - 0 run(s), 0 hit(s), 0 error(s), 0 left on base; Richmond 1 - Birmingham 2
TOP OF THE 4TH
Richmond Flairs batting - Pitching for Birmingham Barons : RHP Michael Young
Batting: LHB Roland Jones 0-0: Foul Ball, location: 2F
0-1: Swinging Strike
0-2: Fly out, F9 (Line Drive, 9)
Batting: RHB Tadakuni Sugiyama 0-0: Ball
1-0: Fly out, F9 (Flyball, 9D)
Batting: RHB R.J. Crosby 0-0: Foul Ball, location: 2F
0-1: Ground out 3-1 (Groundball, 34)
Top of the 4th over - 0 run(s), 0 hit(s), 0 error(s), 0 left on base; Richmond 1 - Birmingham 2
BOTTOM OF THE 4TH
Birmingham Barons batting - Pitching for Richmond Flairs : RHP Jack Walker
Batting: RHB Yujiro Kurihara 0-0: Foul Ball, location: 2F
0-1: Swinging Strike
0-2: Ball
1-2: Ball
2-2: Fly out, F9 (Flyball, 9LM)
Batting: SHB Anastasio Ortíz 0-0: Foul Ball, location: 2F
0-1: Ground out 4-3 (Groundball, 34)
Batting: RHB Jean-Paul St-Pierre 0-0: Ball
1-0: Ball
2-0: Ball
3-0: Called Strike
3-1: Base on Balls
Batting: RHB Vicente Elías 0-0: Ball
1-0: Ball
2-0: Swinging Strike
2-1: Called Strike
2-2: Strikes out swinging
Bottom of the 4th over - 0 run(s), 0 hit(s), 0 error(s), 1 left on base; Richmond 1 - Birmingham 2
TOP OF THE 5TH
Richmond Flairs batting - Pitching for Birmingham Barons : RHP Michael Young
Batting: RHB Christian Hudson 0-0: Ball
1-0: Foul Ball, location: 2F
1-1: Ball
2-1: Reached on error, E6 (Groundball, 6)
Batting: RHB Guo-xiu Hsueh 0-0: Grounds into double play, 5-4-3 (Groundball, 56)
Batting: RHB Javier Rentería 0-0: DOUBLE (Line Drive, 89D)
Batting: RHB Freddy Padilla 0-0: Called Strike
0-1: Ball
1-1: Foul Ball, location: 2F
1-2: Foul Ball, location: 2F
1-2: Foul Ball, location: 2F
1-2: Ball
2-2: Fly out, F9 (Flyball, 9LS)
Top of the 5th over - 0 run(s), 1 hit(s), 1 error(s), 1 left on base; Richmond 1 - Birmingham 2
BOTTOM OF THE 5TH
Birmingham Barons batting - Pitching for Richmond Flairs : RHP Jack Walker
Batting: RHB Peyton Yardley 0-0: Ball
1-0: Called Strike
1-1: Swinging Strike
1-2: Ball
2-2: Strikes out looking
Batting: RHB Pete Smith 0-0: Ball
1-0: Called Strike
1-1: Swinging Strike
1-2: Strikes out swinging
Batting: RHB David Raymos 0-0: Called Strike
0-1: Ball
1-1: Ground out 5-3 (Groundball, 56)
Bottom of the 5th over - 0 run(s), 0 hit(s), 0 error(s), 0 left on base; Richmond 1 - Birmingham 2
TOP OF THE 6TH
Richmond Flairs batting - Pitching for Birmingham Barons : RHP Michael Young
Batting: LHB Sean Nicks 0-0: Called Strike
0-1: Foul Ball, location: 2F
0-2: Ball
1-2: Foul Ball, location: 2F
1-2: Fly out, F8 (Flyball, 78M)
Batting: RHB Elliott Johnston 0-0: Called Strike
0-1: Foul Ball, location: 2F
0-2: Foul Ball, location: 2F
0-2: Foul Ball, location: 2F
0-2: Ball
1-2: Foul Ball, location: 2F
1-2: Fly out, F9 (Line Drive, 89M)
Batting: LHB Roland Jones 0-0: Called Strike
0-1: Ball
1-1: Foul Ball, location: 2F
1-2: Ball
2-2: SINGLE (Line Drive, 9LS)
Batting: RHB Tadakuni Sugiyama 0-0: Ball
1-0: Foul Ball, location: 2F
1-1: Called Strike
1-2: Ball
2-2: 2-RUN HOME RUN (Flyball, 7LD), Distance : 339 ft
Batting: RHB R.J. Crosby 0-0: Ball
1-0: Foul Ball, location: 2F
1-1: Foul Ball, location: 2F
1-2: SINGLE (Line Drive, 6D)
Batting: RHB Christian Hudson 0-0: Ball
1-0: Ball
2-0: Foul Ball, location: 2F
2-1: Called Strike
2-2: 2-RUN HOME RUN (Flyball, 9D), Distance : 343 ft
Pitching: RHP Jim Hicks
Batting: RHB Guo-xiu Hsueh 0-0: Called Strike
0-1: Ball
1-1: Ball
2-1: Ball
3-1: Foul Ball, location: 2F
3-2: Strikes out swinging
Top of the 6th over - 4 run(s), 4 hit(s), 0 error(s), 0 left on base; Richmond 5 - Birmingham 2
BOTTOM OF THE 6TH
Birmingham Barons batting - Pitching for Richmond Flairs : RHP Jack Walker
Batting: LHB Al Gaines 0-0: Called Strike
0-1: Ball
1-1: Ball
2-1: Called Strike
2-2: Foul Ball, location: 2F
2-2: Ball
3-2: SINGLE (Groundball, 4D)
Batting: RHB Warren Martin 0-0: Called Strike
0-1: Ball
1-1: Foul Ball, location: 2F
1-2: Fly out, F9 (Flyball, 9LMF)
Batting: RHB Yujiro Kurihara 0-0: Ball
Al Gaines is caught stealing 2nd base
1-0: Ball
2-0: Called Strike
2-1: Swinging Strike
2-2: Strikes out swinging
Bottom of the 6th over - 0 run(s), 1 hit(s), 0 error(s), 0 left on base; Richmond 5 - Birmingham 2
TOP OF THE 7TH
Richmond Flairs batting - Pitching for Birmingham Barons : RHP Jim Hicks
Batting: RHB Javier Rentería 0-0: SINGLE (Groundball, 34D)
Batting: RHB Freddy Padilla 0-0: Foul Ball, location: 2F
0-1: Foul Ball, location: 2F
0-2: DOUBLE (Line Drive, 8LM)
Javier Rentería to third
Runner from 3rd tries for Home, SAFE, no throw
Batting: LHB Sean Nicks 0-0: Intentional Walk
Batting: RHB Elliott Johnston 0-0: Ball
1-0: Fly out, F9 (Flyball, 9S)
Batting: LHB Roland Jones 0-0: Called Strike
0-1: Ball
1-1: Swinging Strike
1-2: Strikes out swinging
Batting: RHB Tadakuni Sugiyama 0-0: Foul Ball, location: 2F
0-1: Ball
1-1: Foul Ball, location: 2F
1-2: Foul Ball, location: 2F
1-2: Ball
2-2: Foul Ball, location: 2F
2-2: Foul Ball, location: 2F
2-2: Fielders Choice at 2nd, 4-6 (Groundball, 4)
Top of the 7th over - 1 run(s), 2 hit(s), 0 error(s), 1 left on base; Richmond 6 - Birmingham 2
BOTTOM OF THE 7TH
Birmingham Barons batting - Pitching for Richmond Flairs : RHP Jack Walker
Batting: SHB Anastasio Ortíz 0-0: Foul Ball, location: 2F
0-1: Called Strike
0-2: Ball
1-2: Foul Ball, location: 2F
1-2: Ball
2-2: Ball
3-2: Foul Ball, location: 2F
3-2: Fly out, F4 (Popup, 3D)
Batting: RHB Jean-Paul St-Pierre 0-0: Fly out, F8 (Flyball, 8RM)
Batting: RHB Vicente Elías 0-0: Called Strike
0-1: Swinging Strike
0-2: Ball
1-2: Ball
2-2: SINGLE (Line Drive, 34D)
Pitching: RHP Octávio Morín
Batting: RHB Peyton Yardley 0-0: Ball
Vicente Elías steals 2nd base
1-0: DOUBLE (Flyball, 78XD)
Vicente Elías scores
Batting: RHB Pete Smith 0-0: Ball
1-0: Called Strike
1-1: Foul Ball, location: 2F
1-2: Strikes out swinging
Bottom of the 7th over - 1 run(s), 2 hit(s), 0 error(s), 1 left on base; Richmond 6 - Birmingham 3
TOP OF THE 8TH
Richmond Flairs batting - Pitching for Birmingham Barons : RHP Jim Hicks
Batting: RHB R.J. Crosby 0-0: Called Strike
0-1: Foul Ball, location: 2F
0-2: SINGLE (Flyball, 78S)
Batting: RHB Christian Hudson 0-0: Bunt missed!
0-1: Bunted foul
0-2: Ball
1-2: Foul Ball, location: 2F
1-2: Hit by Pitch
R.J. Crosby to second
Batting: RHB Guo-xiu Hsueh 0-0: Ball
1-0: Foul Ball, location: 2F
1-1: Bunted foul
1-2: Foul Ball, location: 2F
1-2: Grounds into double play, 6-4-3 (Groundball, 56D)
R.J. Crosby to third
Batting: RHB Javier Rentería 0-0: Called Strike
0-1: Called Strike
0-2: SINGLE (Line Drive, 34D)
R.J. Crosby scores
Pitching: LHP Manuel Soto
Batting: RHB Freddy Padilla 0-0: Ball
1-0: Foul Ball, location: 2F
1-1: Ground out U3 (Groundball, 3)
Top of the 8th over - 1 run(s), 2 hit(s), 0 error(s), 1 left on base; Richmond 7 - Birmingham 3
BOTTOM OF THE 8TH
Birmingham Barons batting - Pitching for Richmond Flairs : RHP Octávio Morín
Batting: RHB David Raymos 0-0: Called Strike
0-1: Swinging Strike
0-2: Ball
1-2: Ground out 6-3 (Groundball, 6)
Batting: LHB Al Gaines 0-0: Called Strike
0-1: Swinging Strike
0-2: Ball
1-2: Foul Ball, location: 2F
1-2: Foul Ball, location: 2F
1-2: Ball
2-2: Foul Ball, location: 2F
2-2: Strikes out swinging
Batting: RHB Warren Martin 0-0: SINGLE (Line Drive, 34D)
Batting: RHB Yujiro Kurihara 0-0: Called Strike
0-1: Foul Ball, location: 2F
0-2: Ball
1-2: Strikes out swinging
Bottom of the 8th over - 0 run(s), 1 hit(s), 0 error(s), 1 left on base; Richmond 7 - Birmingham 3
TOP OF THE 9TH
Richmond Flairs batting - Pitching for Birmingham Barons : LHP Manuel Soto
Batting: LHB Sean Nicks 0-0: SINGLE (Groundball, 6D)
Batting: RHB Elliott Johnston 0-0: Ball
1-0: Foul Ball, location: 2F
1-1: Called Strike
1-2: Foul Ball, location: 2F
1-2: Ball
2-2: Fly out, F9 (Flyball, 9LS)
Batting: LHB Roland Jones 0-0: Ball
1-0: Foul Ball, location: 2F
1-1: Ball
2-1: Ground out 6-3 (Groundball, 6S)
Sean Nicks to second
Batting: RHB Tadakuni Sugiyama 0-0: Ball
1-0: Ball
2-0: SINGLE (Groundball, 6MD)
Sean Nicks to third
Runner from 3rd tries for Home, SAFE, no throw
Batting: RHB R.J. Crosby 0-0: Swinging Strike
0-1: Called Strike
0-2: Ball
1-2: Strikes out swinging
Top of the 9th over - 1 run(s), 2 hit(s), 0 error(s), 1 left on base; Richmond 8 - Birmingham 3
BOTTOM OF THE 9TH
Birmingham Barons batting - Pitching for Richmond Flairs : RHP Octávio Morín
Now at 1B: Adrián Miranda
Now at 2B: Maresuke Yoshida
Batting: SHB Anastasio Ortíz 0-0: Ball
1-0: Called Strike
1-1: Ball
2-1: Swinging Strike
2-2: Ground out U3 (Groundball, 34S)
Batting: RHB Jean-Paul St-Pierre 0-0: Swinging Strike
0-1: Ball
1-1: Ball
2-1: Called Strike
2-2: Strikes out swinging
Batting: RHB Vicente Elías 0-0: Ball
1-0: Called Strike
1-1: Foul Ball, location: 2F
1-2: Ball
2-2: SINGLE (Flyball, 89S)
Batting: RHB Peyton Yardley 0-0: Ball
1-0: Fly out, F8 (Flyball, 8RM)
Bottom of the 9th over - 0 run(s), 1 hit(s), 0 error(s), 1 left on base; Richmond 8 - Birmingham 3
Thursday, March 30th, 2017 - OOTP Baseball 17.12 Build 75